 Dungeon Crawl Stone Soup version 0.20.1-1-g8b1a95d (webtiles) character file.

47 deszczowiec the Ruffian (level 3, -2/43 HPs)
             Began as a Draconian Transmuter on Nov 11, 2017.
             Slain by a goblin
             ... wielding a +0 club
             ... led by Robin
              (6 damage)
             ... on level 2 of the Dungeon.
             The game lasted 00:05:06 (1090 turns).

deszczowiec the Ruffian (Draconian Transmuter)      Turns: 1090, Time: 00:05:06

Health: -2/43      AC:  5    Str: 17    XL:     3   Next: 48%
Magic:  5/6        EV: 12    Int: 19    God:
Gold:   48         SH:  0    Dex: 11    Spells: 3/6 levels left

rFire    . . .     SeeInvis .     - Unarmed
rCold    . . .     Gourm    .   (no shield)
rNeg     . . .     Faith    .   (armour unavailable)
rPois    .         Spirit   .   (helmet restricted)
rElec    .         Reflect  .   (no cloak)
rCorr    .         Harm     .   (no gloves)
MR       .....                  (boots currently unavailable)
Stlth    ..........             (no amulet)
Regen    0.2/turn               (no ring)
MPRegen  0.1/turn               (no ring)

@: brilliant, berserking, appendage, very quick
A: unfitting armour, talons 3, cold-blooded, AC +5
a: End Transformation


You were on level 2 of the Dungeon.
You were not hungry.
You had grown temporary talons.
You visited 1 branch of the dungeon, and saw 2 of its levels.

You collected 48 gold pieces.

Inventory:

Hand Weapons
 e - a +0 dagger
Missiles
 a - 12 arrows
Jewellery
 f - an uncursed ring of see invisible {unknown}
Scrolls
 k - a scroll of fear
Potions
 d - a potion of flight {unknown}
 h - a potion of brilliance
 i - a potion of lignification {unknown}
 j - a potion of berserk rage
 m - a potion of ambrosia {unknown}
Books
 b - a book of Changes

   Spells                             Type                      Level
   a - Beastly Appendage              Transmutation                1
   b - Sticks to Snakes               Transmutation                2
   c - Spider Form                    Transmutation/Poison         3
   d - Ice Form                       Ice/Transmutation            4
   e - Blade Hands                    Transmutation                5
Comestibles
 c - a bread ration
 g - a royal jelly


   Skills:
 + Level 2.1 Fighting
 - Level 1.7 Dodging
 + Level 3.5 Unarmed Combat
 + Level 2.3 Spellcasting
 + Level 2.5 Transmutations


You had 3 spell levels left.
You knew the following spells:

 Your Spells              Type           Power        Failure   Level  Hunger
a - Beastly Appendage     Tmut           ###...       1%          1    #......
b - Sticks to Snakes      Tmut           ###.....     1%          2    ##.....


Dungeon Overview and Level Annotations

Branches:
Dungeon (2/15)

Altars:


Innate Abilities, Weirdness & Mutations

Your plain brown scales are hard. (AC +5)
You cannot fit into any form of body armour.
You are cold-blooded and may be slowed by cold attacks.
You have claws for feet.


Message History

The goblin closely misses you.
You hit the goblin.
The goblin is heavily wounded.
The goblin hits you. The goblin closely misses you.
You hit the goblin.
The goblin is severely wounded.
The goblin barely misses you. The goblin hits you with a club.
* * * LOW HITPOINT WARNING * * *
You hit the goblin but do no damage. Your kick misses the goblin.
Your tail-slap misses the goblin.
The goblin is severely wounded.
The goblin hits you.
* * * LOW HITPOINT WARNING * * *
It was a potion of berserk rage.
A red film seems to cover your vision as you go berserk!
You feel yourself moving faster!
You feel mighty! The goblin barely misses you. x2
You punch the goblin!
You kill the goblin!
The goblin hits you with a club.
You die...

*
*,,,,,,,,,,,,,,,,,,,,,,,****
**
*,,,,,********,,,,,,,,,,<,,,
,* *,,,,,* *,,,,,,,,,,,***
,* ******* *****,,,,,,,,,,
,* **,,,,..,,, ,* ****...,,,
** *♣♣♣♣♣**♣♣♣ *#..,,,
**......♣♣g♣♣ #.#***
*,,,**♣.g@♣)♣♣♣♣♣♣♣ #.#
***,,,* ♣♣♣♣♣♣......♣♣#.#
*,,,,** ♣♣♣♣♣♣♣.♣#.#
****,,** ♣♣...# **,,* ♣♣#.#
***,,** #.# ****,,,,* #.#
***,,,,,*** #.# **,,,,****
#.#


You could see 2 goblins.

Vanquished Creatures
  Robin (D:2)
  A worm (D:2)
  2 dart slugs (D:1)
  A leopard gecko (D:1)
  4 bats
  7 hobgoblins
  A jackal (D:1)
  A quokka (D:2)
  3 frilled lizards
  5 goblins
  A rat (D:1)
27 creatures vanquished.

Notes
Turn   | Place    | Note
-------+----------+-------------------------------------------
     0 | D:1      | deszczowiec the Draconian Transmuter began the quest for the Orb.
     0 | D:1      | Reached XP level 1. HP: 16/16 MP: 3/3
   210 | D:1      | Reached XP level 2. HP: 12/23 MP: 5/5
   790 | D:2      | Learned a level 2 spell: Sticks to Snakes
   983 | D:2      | Reached XP level 3. HP: 27/29 MP: 6/6
  1061 | D:2      | Noticed Robin
  1084 | D:2      | Killed Robin
  1090 | D:2      | Slain by a goblin

Skill      XL: |  1  2  3 |
---------------+----------+-----
Fighting       | 2 |  2.1
Dodging        | |  1.7
Unarmed Combat | |  3.5
Spellcasting   | |  2.3
Transmutations | |  2.5

Action                   || total
-------------------------++-------
Melee: Unarmed           ||   108
       Kick              ||    13
       Tailslap          ||    11
       Headbutt          ||     1
 Cast: Beastly Appendage ||     9
  Use: Scroll            ||     5
       Potion            ||     2
  Eat: Chunk             ||     1
Armor: Skin              ||    28
Dodge: Dodged            ||    63
